 Dungeon Crawl Stone Soup version 0.22-a0-358-g7563fe7 (webtiles) character file.

5296 KristoblXynda the Carver (level 10, -2/77 HPs)
             Began as a Black Draconian Gladiator on Apr 18, 2018.
             Was a High Priest of Nemelex Xobeh.
             Slain by an orc warrior
             ... wielding a +0 glaive
              (14 damage)
             ... on level 10 of the Dungeon.
             The game lasted 00:18:55 (10590 turns).

KristoblXynda the Carver (DrGl)                    Turns: 10590, Time: 00:18:55

Health: -2/77      AC: 11    Str: 17    XL:     10   Next: 37%
Magic:  16/16      EV: 14    Int: 12    God:    Nemelex Xobeh [*****.]
Gold:   297        SH:  8    Dex: 12    Spells: 6/9 levels left

rFire    . . .     SeeInvis +   E - +1 scimitar (slice)
rCold    . . .     Gourm    .   x - +3 buckler {reflect}
rNeg     . . .     Faith    .   (armour unavailable)
rPois    +         Spirit   .   b - +0 hat
rElec    +         Reflect  +   o - +0 cloak
rCorr    .         Harm     .   w - +2 pair of gloves
MR       .....                  (no boots)
Stlth    +.........             l - amulet of magic regeneration
HPRegen  0.22/turn              v - ring of poison resistance
MPRegen  0.40/turn              K - ring of see invisible

@: no status effects
A: breathe lightning, unfitting armour, electricity resistance, cold-blooded, AC
+7
a: Breathe Lightning, Triple Draw, Deal Four, Stack Five, Renounce Religion


You were on level 10 of the Dungeon.
You worshipped Nemelex Xobeh.
Nemelex Xobeh was extremely pleased with you.
You were not hungry.

You visited 3 branches of the dungeon, and saw 12 of its levels.

You collected 493 gold pieces.
You spent 196 gold pieces at shops.

Inventory:

Hand Weapons
 A - the +3 mace "Jellyslayer" {crush, rPois}
   (You found it on level 7 of the Dungeon)

   It inflicts extra damage upon your enemies.
   It protects you from poison.
 E - a +1 scimitar of slicing (weapon)
Missiles
 c - 3 throwing nets (quivered)
Armour
 b - a +0 hat (worn)
 o - a +0 cloak (worn)
 w - a +2 pair of gloves (worn)
 x - a +3 buckler of reflection (worn)
Jewellery
 l - an amulet of magic regeneration (around neck)
 v - a ring of poison resistance (left hand)
 K - a ring of see invisible (right hand)
Wands
 m - a wand of flame (23)
 q - a wand of paralysis (1)
 t - a wand of digging (17)
 D - a wand of iceblast (5)
 H - a wand of clouds (3)
 M - a wand of disintegration (18)
Scrolls
 a - a scroll of fog {unknown}
 e - a scroll of magic mapping {unknown}
 f - 2 scrolls of enchant weapon {unknown}
 h - 4 scrolls of amnesia
 i - 2 scrolls of fear
 j - a scroll of blinking
 n - 4 scrolls of remove curse
 p - 4 scrolls of enchant armour
 C - a scroll of teleportation
 J - a scroll of immolation
Potions
 k - 7 potions of curing
 r - 3 potions of brilliance
 s - a potion of resistance {unknown}
 u - 3 potions of haste
 z - 2 potions of cancellation
 B - a potion of flight {unknown}
 L - 2 potions of ambrosia
Miscellaneous
 g - a plain deck of destruction
 y - a plain deck of summoning {drawn: 2}
 F - a plain deck of destruction
 G - a plain deck of escape
 N - a legendary deck of destruction
Comestibles
 d - 10 rations


   Skills:
 + Level 3.5 Fighting
 + Level 10.3 Long Blades
 - Level 2.0 Throwing
 - Level 5.1 Dodging
 - Level 5.1 Shields
 + Level 8.1 Invocations
 + Level 5.0 Evocations


You had 6 spell levels left.
You knew the following spells:

 Your Spells              Type           Power        Failure   Level  Hunger
a - Mephitic Cloud        Conj/Pois/Air  #.......     69%         3    ####...


Dungeon Overview and Level Annotations

Branches:
Dungeon (10/15)            Temple (1/1) D:7            Lair (0/6) D:9
    Orc (1/2) D:9

Altars:
Ashenzari
Cheibriados
Dithmenos
Elyvilon
Fedhas
Gozag
Hepliaklqana
Kikubaaqudgha
Makhleb
Nemelex Xobeh
Okawaru
Qazlal
Ru
Sif Muna
Trog
Uskayaw
Vehumet
Wu Jian
Xom
Yredelemnul
Zin
The Shining One

Shops:
D:4 [   D:7 (


Innate Abilities, Weirdness & Mutations

You can breathe wild blasts of lightning.
Your glossy black scales are hard. (AC +7)
You cannot fit into any form of body armour.
You are resistant to electric shocks. (rElec)
You are cold-blooded and may be slowed by cold attacks.


Message History

You tail-slap the orc, but do no damage.
The orc is severely wounded.
You block the orc's attack. The orc warrior completely misses you.
You hit the orc but do no damage.
The orc is severely wounded.
You block the orc's attack.
You hit the orc.
You kill the orc!
You block the orc warrior's attack. You block the phantom's attack.
You closely miss the orc.
The orc warrior hits you from afar with a glaive!!
* * * LOW HITPOINT WARNING * * *
The orc misses you.
You riposte.
You completely miss the orc.
The phantom hits you but does no damage.
You slash the phantom!
Your tail-slap misses the phantom.
The phantom is heavily damaged.
The phantom hits you but does no damage.
The orc warrior hits you from afar with a glaive!
You die...
Your body glows with a rainbow of weird colours and disappears.

###
..#
#.#
#.#
#.#
#.#
#.#
#W#
#@#
#o#


)oo ..#.. #.. ... #.# ..## .. ..# ##. %.# You could see a phantom, an orc
warrior and 2 orcs.

Vanquished Creatures
  2 two-headed ogres (D:9)
  An elephant (D:9)
  A hippogriff (D:9)
  A basilisk (D:9)
  A steam dragon (D:7)
  An ice beast (D:8)
  A black bear (D:6)
  3 ogres
  A necrophage (D:7)
  A phantom (D:5)
  A centaur (D:9)
  A big kobold (D:8)
  A crocodile (D:9)
  Blork the orc (D:4)
  3 scorpions
  4 wights (D:6)
  6 killer bees (D:9)
  3 howler monkeys
  3 crimson imps
  2 bullfrog zombies
  4 bullfrog skeletons
  2 hounds
  3 orc priests
  6 jellies
  3 orc wizards
  6 iguanas
  5 worker ants
  17 gnolls
  14 adders
  2 shadow imps (D:6)
  6 oozes
  An adder skeleton (D:6)
  3 dart slugs
  A leopard gecko (D:9)
  21 orcs
  6 giant cockroaches
  6 goblins
  A hobgoblin (D:2)
  8 jackals
  12 kobolds
  A quokka (D:8)
  5 bats
  5 frilled lizards
  A quokka skeleton (D:8)
  A quokka zombie (D:7)
  6 rats
184 creatures vanquished.

Vanquished Creatures (collateral kills)
  A hungry ghost (D:6)
  Crazy Yiuf (D:7)
2 creatures vanquished.

Vanquished Creatures (others)
  2 centaurs
2 creatures vanquished.

Grand Total: 188 creatures vanquished

Notes
Turn   | Place    | Note
-------+----------+-------------------------------------------
     0 | D:1      | KristoblXynda the Draconian Gladiator began the quest for the Orb.
     0 | D:1      | Reached XP level 1. HP: 17/17 MP: 1/1
   200 | D:1      | Reached XP level 2. HP: 24/24 MP: 2/2
   532 | D:2      | Found a sparkling altar of Nemelex Xobeh.
   580 | D:2      | Became a worshipper of Nemelex Xobeh the Trickster
   583 | D:2      | Received a gift from Nemelex Xobeh
   584 | D:2      | Reached XP level 3. HP: 18/29 MP: 3/3
   802 | D:2      | Reached skill level 4 in Long Blades
   899 | D:2      | Reached skill level 1 in Invocations
   899 | D:2      | Reached XP level 4. HP: 24/36 MP: 4/4
  1324 | D:2      | Reached * piety under Nemelex Xobeh
  2149 | D:3      | Reached XP level 5. HP: 41/41 MP: 6/6
  2623 | D:4      | Found Bumov's Armour Shop.
  2720 | D:4      | Reached skill level 5 in Long Blades
  3335 | D:4      | Reached XP level 6. HP: 35/48 MP: 7/7
  3682 | D:4      | Noticed Blork the orc
  3683 | D:4      | Reached ** piety under Nemelex Xobeh
  3696 | D:4      | Killed Blork the orc
  4214 | D:4      | Found a deep blue altar of Sif Muna.
  4292 | D:5      | Entered Level 5 of the Dungeon
  4356 | D:5      | Reached skill level 6 in Long Blades
  4371 | D:5      | Your scales start taking on a glossy black colour.
  4371 | D:5      | Reached XP level 7. HP: 22/55 MP: 9/9
  4371 | D:5      | Gained mutation: You are resistant to electric shocks. (rElec) [Black Draconian growth]
  5068 | D:5      | Received a gift from Nemelex Xobeh
  5483 | D:6      | Found an iron altar of Okawaru.
  5503 | D:6      | Reached skill level 7 in Long Blades
  5992 | D:6      | Noticed a hungry ghost
  6001 | D:6      | Killed a hungry ghost
  6001 | D:6      | Reached skill level 5 in Dodging
  6001 | D:6      | Reached XP level 8. HP: 57/61 MP: 11/11
  6371 | D:6      | Reached skill level 8 in Long Blades
  6371 | D:6      | Reached skill level 1 in Shields
  6371 | D:6      | Reached skill level 5 in Invocations
  7003 | D:7      | Found a sacrificial altar of Ru.
  7095 | D:7      | Found Pukawopp's Antique Weapon Emporium.
  7140 | D:7      | Bought a glowing scimitar for 196 gold pieces
  7188 | D:7      | Found a staircase to the Ecumenical Temple.
  7201 | D:7      | Reached skill level 1 in Evocations
  7564 | Temple   | Entered the Ecumenical Temple
  7813 | D:7      | Reached *** piety under Nemelex Xobeh
  7853 | D:7      | Reached skill level 9 in Long Blades
  7853 | D:7      | Reached XP level 9. HP: 66/67 MP: 13/13
  8049 | D:7      | Found a runed door.
  8138 | D:7      | Received a gift from Nemelex Xobeh
  8459 | D:7      | Noticed Crazy Yiuf
  8465 | D:7      | Killed Crazy Yiuf
  8472 | D:7      | Got an iridescent mace
  8478 | D:7      | Identified the +3 mace "Jellyslayer" {crush, rPois} (You found it on level 7 of the Dungeon)
  8587 | D:8      | Received a gift from Nemelex Xobeh
  8723 | D:8      | Reached **** piety under Nemelex Xobeh
  8899 | D:8      | Received a gift from Nemelex Xobeh
  9298 | D:9      | Found a staircase to the Lair.
  9298 | D:9      | Noticed an elephant
  9314 | D:9      | Killed an elephant
  9403 | D:9      | Found a staircase to the Orcish Mines.
  9507 | D:9      | Learned a level 3 spell: Mephitic Cloud
  9558 | D:9      | Noticed a two-headed ogre
  9563 | D:9      | Killed a two-headed ogre
  9563 | D:9      | Reached skill level 10 in Long Blades
  9563 | D:9      | Reached skill level 5 in Shields
  9563 | D:9      | Reached XP level 10. HP: 73/73 MP: 15/15
  9672 | D:9      | Received a gift from Nemelex Xobeh
  9801 | D:9      | Noticed a two-headed ogre
 10161 | D:9      | Killed a two-headed ogre
 10161 | D:9      | Reached skill level 5 in Evocations
 10557 | Orc:1    | Entered Level 1 of the Orcish Mines
 10579 | D:10     | Entered Level 10 of the Dungeon
 10579 | D:10     | Reached ***** piety under Nemelex Xobeh
 10590 | D:10     | Slain by an orc warrior

Vault maps used:
D:1:      erik_arrival_triangle_large
D:2:      nemelex_xobeh_ov_fountains_minmay, first_ration
D:3:      serial_forest, infiniplex_forest_fountain, infiniplex_forest_clump_C,
          infiniplex_forest_zigzag_1, infiniplex_forest_clump_medium,
          infiniplex_forest_end_3, infiniplex_forest_lined_4_way,
          infiniplex_forest_lined_3, infiniplex_forest_lined_room_
D:4:      serial_shops, shop, lemuel_blue_sif_altar, uniq_blork_the_orc
D:6:      okawaru_trees_2
D:7:      minmay_temple_entry_hall, serial_shops, nicolae_shop_waterfront,
          nicolae_ru_awakened_eye, uniq_crazy_yiuf_cottage
D:8:      hangedman_little_slice_of_home, small_statue_intersection
D:9:      minmay_klotski, david_lair_generic, orc_0_dummy, patterned_corridor
Temple:   compressed_dpeg_triangle_lava_temple
Orc:1:    serial_shops, shop

Skill      XL: |  1  2  3  4  5  6  7  8  9 10 |
---------------+-------------------------------+-----
Throwing       | 2 |  2.0
Dodging        | 3 4 5 |  5.1
Long Blades    | 4 5 6 7 9 10 | 10.3
Invocations    | 1 2 3 4 5 7 8 |  8.1
Shields        | 3 5 |  5.1
Evocations     | 1 4 5 |  5.0
Fighting       | 3 |  3.5

Action                   |  1- 3 |  4- 6 |  7- 9 | 10-12 || total
-------------------------+-------+-------+-------+-------++-------
Melee: Long sword        |    42 |   185 |   300 |       ||   527
       Tailslap          |     4 |    28 |    63 |     8 ||   103
       Scimitar          |       |       |   141 |    70 ||   211
Throw: Throwing net      |       |     1 |       |       ||     1
Evoke: Deck              |       |     4 |     3 |       ||     7
       Wand              |       |       |     2 |       ||     2
  Use: Scroll            |       |     4 |    12 |     1 ||    17
       Potion            |       |       |     3 |       ||     3
 Stab: Sleeping          |     2 |       |     1 |       ||     3
       Distracted        |       |       |     1 |       ||     1
       Paralysed         |       |       |     3 |       ||     3
  Eat: Chunk             |       |     6 |    10 |     2 ||    18
       Ration            |       |     1 |     3 |     1 ||     5
Armor: Skin              |    15 |    37 |   112 |    13 ||   177
Dodge: Dodged            |    29 |   107 |   245 |    52 ||   433
Block: Buckler           |       |    12 |   117 |    25 ||   154
       Reflection        |       |       |     5 |     2 ||     7
       Rpst.: Long sword |     9 |    32 |    44 |       ||    85
       Scimitar          |       |       |    22 |    15 ||    37

Table legend:
 A = Spawn XP
 B = Non-spawn XP
 C = Spawn XP percentage of total XP
 D = Spawn monster count
 E = Non-spawn monster count
 F = Spawn count percentage of total count
 G = Total turns spent on level
                    A         B        C        D         E        F      G
               +---------+---------+-------+---------+---------+-------+---------
         Total |       0 |    7566 |   0.0 |       0 |     188 |   0.0 | 10590
               +---------+---------+-------+---------+---------+-------+---------
           D:1 |       0 |      18 |   0.0 |       0 |      10 |   0.0 |   399
           D:2 |       0 |     127 |   0.0 |       0 |      29 |   0.0 |  1394
           D:3 |       0 |      63 |   0.0 |       0 |       6 |   0.0 |   828
           D:4 |       0 |     405 |   0.0 |       0 |      17 |   0.0 |  1671
           D:5 |       0 |     529 |   0.0 |       0 |      23 |   0.0 |  1153
           D:6 |       0 |     987 |   0.0 |       0 |      22 |   0.0 |  1533
           D:7 |       0 |     876 |   0.0 |       0 |      25 |   0.0 |  1434
           D:8 |       0 |     653 |   0.0 |       0 |      30 |   0.0 |   779
           D:9 |       0 |    3905 |   0.0 |       0 |      25 |   0.0 |  1283
          D:10 |       0 |       3 |   0.0 |       0 |       1 |   0.0 |    11
               +---------+---------+-------+---------+---------+-------+---------
